Map: Cyber Forest LE

Players

goblin

  • Race: Protoss Protoss
  • Spawn Location: 5:00

GunGFuBanDa - Winner!

  • Race: Protoss Protoss
  • Spawn Location: 11:00

Event: 2019 WCS Summer

VOD

Have the link to the VOD?

Description

Time

  • Played on: July 12, 2019, 6:51 a.m.
  • Length: 7:24

All games in this series

Show
View Real Time Build Order
Export as new Build Order

goblin Protoss 

Build Orders:  

Get SALT Encoding   

  12  0:00  Probe  
  13  0:12  Probe  
  14  0:18  Pylon  
  14  0:24  Probe  
  15  0:32  Probe  
  15  0:37  Gateway  
  15  0:40  Probe  
  16  0:45  Assimilator  
  17  0:51  Probe  
  17  0:54  Assimilator  
  18  0:59  Probe  
  19  1:07  Probe, Gateway  
  19  1:17  Probe  
  20  1:25  Cybernetics Core  
  21  1:29  Probe  
  22  1:36  Pylon  
  22  1:42  Probe  
  23  2:01  Stargate  
  23  2:04  Adept x2  
  23  2:07  Warp Gate  
  27  2:17  Pylon  
  27  2:34  Void Ray, Adept x2  
  35  2:56  Pylon  
  35  3:07  Void Ray  
  39  3:24  Gateway  
  39  3:28  Shield Battery  
  39  3:45  Void Ray  
  39  3:52  Pylon  
  43  4:08  Stalker  
  45  4:15  Stalker  
  47  4:23  Phoenix  
  47  4:25  Pylon  
  49  4:34  Stalker  
  51  4:48  Phoenix  
  51  4:49  Shield Battery  
  53  5:13  Phoenix  
  55  5:16  Shield Battery  
  55  5:18  Pylon  
  55  5:33  Phoenix  
  53  5:42  Stalker x2  
  51  5:47  Stalker  
  53  5:52  Shield Battery  
  51  6:11  Pylon  
  51  6:12  Stalker  
  51  6:13  Stalker  
  55  6:24  Stalker  
  57  6:37  Probe  
  57  6:45  Probe  
  53  6:55  Probe  
  53  7:01  Stalker x2  
  45  7:07  Probe  
Show
View Real Time Build Order
Export as new Build Order

GunGFuBanDa Protoss - Winner!

Build Orders: Phoenix Opening 

Get SALT Encoding   

  12  0:00  Probe  
  13  0:12  Probe  
  14  0:17  Pylon  
  14  0:22  Probe  
  15  0:31  Probe  
  16  0:36  Gateway  
  16  0:39  Probe  
  16  0:46  Assimilator  
  17  0:51  Probe  
  17  0:55  Assimilator  
  18  0:59  Probe  
  19  1:07  Probe, Gateway  
  19  1:17  Probe  
  20  1:24  Cybernetics Core  
  21  1:29  Probe  
  22  1:34  Pylon  
  22  1:41  Probe  
  23  1:53  Probe  
  24  2:00  Adept x2  
  24  2:01  Warp Gate  
  28  2:10  Pylon  
  28  2:14  Pylon  
  28  2:20  Probe  
  29  2:28  Stargate  
  29  2:33  Adept x2  
  33  2:40  Probe  
  34  2:54  Probe  
  35  2:59  Shield Battery  
  35  3:03  Pylon  
  35  3:04  Phoenix  
  37  3:22  Phoenix  
  37  3:33  Pylon  
  39  3:42  Shield Battery, Phoenix  
  41  3:53  Stalker  
  41  3:54  Stalker  
  45  4:07  Phoenix  
  45  4:09  Gateway  
  47  4:12  Shield Battery  
  47  4:17  Sentry  
  47  4:19  Adept  
  51  4:32  Phoenix  
  53  4:44  Pylon  
  53  4:45  Adept  
  55  5:07  Stalker x2  
  55  5:08  Stalker  
  61  5:18  Shield Battery  
  61  5:36  Probe  
  61  5:41  Stalker x2  
  61  5:43  Phoenix  
  63  5:52  Pylon  
  63  5:55  Shield Battery  
  63  6:02  Phoenix  
  65  6:17  Shield Battery  
  65  6:19  Shield Battery  
  65  6:23  Stalker  
  65  6:24  Stalker  
  69  6:29  Pylon  
  66  6:47  Stalker  
  66  6:49  Stalker  
Tags
 
Add a new tag
Caveats
  • Supply blocks, unpowered buildings, or Contaminate may cause inaccurate times.
  • Supply counts are checked every 10 seconds.